SAAA
PORT ROYAL DISASTER @ HOUSTON BC
08/18/2030
 
TOP OF THE 1ST
Port Royal Disaster batting - Pitching for Houston BC : LHP Roosevelt Tuttle
Pitching: LHP Roosevelt Tuttle
Batting: RHB Loren Stallings 0-0: Foul Ball, location: 2F
0-1: Foul Ball, location: 2F
0-2: Ball
1-2: SINGLE (Line Drive, 8LS)
Batting: LHB António Quintero 0-0: Ball
1-0: Fly out, F6 (Popup, 56)
Batting: RHB Sancho Tornero 0-0: Ball
1-0: Swinging Strike
1-1: Ball
2-1: Swinging Strike
2-2: Grounds into double play, 6-4-3 (Groundball, 6M)
Top of the 1st over - 0 runs, 1 hit, 0 errors, 0 left on base; Port Royal 0 - Houston 0
BOTTOM OF THE 1ST
Houston BC batting - Pitching for Port Royal Disaster : RHP Roberto Covas
Pitching: RHP Roberto Covas
Batting: RHB Habbo Allaart 0-0: Swinging Strike
0-1: Ball
1-1: Swinging Strike
1-2: Foul Ball, location: 2F
1-2: Fly out, F9 (Line Drive, 89S)
Batting: RHB Chris Harrell 0-0: Ball
1-0: Ball
2-0: Swinging Strike
2-1: Fly out, F9 (Flyball, 89M)
Batting: SHB Ricardo Pérez 0-0: Foul Ball, location: 2F
0-1: Ball
1-1: Foul Ball, location: 2F
1-2: Foul Ball, location: 2F
1-2: Foul Ball, location: 2F
1-2: Ball
2-2: Foul Ball, location: 2F
2-2: Ball
3-2: Base on Balls
Pitching: RHP Alfredo Hernández
Batting: RHB António López 0-0: Ground out U3 (Groundball, 3)
Bottom of the 1st over - 0 runs, 0 hits, 0 errors, 1 left on base; Port Royal 0 - Houston 0
TOP OF THE 2ND
Port Royal Disaster batting - Pitching for Houston BC : LHP Roosevelt Tuttle
Batting: LHB Ricky Payton 0-0: Called Strike
0-1: Ball
1-1: Ground out 4-3 (Groundball, 4S)
Batting: RHB Javier Martínez 0-0: Fly out, F8 (Flyball, 8RD)
Batting: RHB Brandon Cooper 0-0: Ball
1-0: Ball
2-0: Ball
3-0: Foul Ball, location: 2F
3-1: Base on Balls
Batting: LHB Sisto Pagnamenta 0-0: Ball
1-0: Foul Ball, location: 2F
1-1: Ball
2-1: Called Strike
2-2: Ball
3-2: SINGLE (Line Drive, 4)
Brandon Cooper to second
Brandon Cooper to third
Batting: RHB Winston Sparks 0-0: Ball
1-0: Ball
2-0: Foul Ball, location: 2F
2-1: Swinging Strike
2-2: Ball
3-2: Strikes out swinging
Top of the 2nd over - 0 runs, 1 hit, 0 errors, 2 left on base; Port Royal 0 - Houston 0
BOTTOM OF THE 2ND
Houston BC batting - Pitching for Port Royal Disaster : RHP Alfredo Hernández
Batting: RHB Phil Dougherty 0-0: Ball
1-0: Ground out 4-3 (Groundball, 4M)
Batting: LHB Dawit Lihalakha 0-0: Ball
1-0: Foul Ball, location: 2F
1-1: Ball
2-1: Ball
3-1: Swinging Strike
3-2: Base on Balls
Batting: LHB Lee Hart 0-0: Ball
1-0: Ball
2-0: DOUBLE (Flyball, 8LXD)
Dawit Lihalakha to third
Runner from 3rd tries for Home, SAFE, no throw
Batting: RHB Dennis Morrow 0-0: Foul Ball, location: 2F
0-1: Called Strike
0-2: Ball
1-2: Ball
2-2: Foul Ball, location: 2F
2-2: DOUBLE (Line Drive, 7D)
Lee Hart scores
Batting: RHB George Zeek 0-0: Called Strike
0-1: Swinging Strike
0-2: Foul Ball, location: 2F
0-2: SINGLE (Groundball, 4MD)
Dennis Morrow to third
Runner from 3rd tries for Home, SAFE, no throw
Batting: RHB Habbo Allaart 0-0: Called Strike
0-1: Foul Ball, location: 2F
0-2: Ball
1-2: Ball
2-2: SINGLE (Groundball, 6D)
George Zeek to second
Batting: RHB Chris Harrell 0-0: Called Strike
0-1: Foul Ball, location: 2F
0-2: Grounds into double play, 3-6-3 (Groundball, 34)
Bottom of the 2nd over - 3 runs, 4 hits, 0 errors, 1 left on base; Port Royal 0 - Houston 3
TOP OF THE 3RD
Port Royal Disaster batting - Pitching for Houston BC : LHP Roosevelt Tuttle
Batting: RHB Nelson Abbey 0-0: Ball
1-0: Ball
2-0: Foul Ball, location: 2F
2-1: Fly out, F7 (Line Drive, 78D)
Batting: RHB Loren Stallings 0-0: Ball
1-0: Called Strike
1-1: Called Strike
1-2: Ball
2-2: SINGLE (Groundball, 3D)
Batting: LHB António Quintero 0-0: Ball
1-0: Fly out, F7 (Flyball, 7D)
Batting: RHB Sancho Tornero 0-0: Ball
1-0: Ground out 4-3 (Groundball, 4)
Top of the 3rd over - 0 runs, 1 hit, 0 errors, 1 left on base; Port Royal 0 - Houston 3
BOTTOM OF THE 3RD
Houston BC batting - Pitching for Port Royal Disaster : RHP Alfredo Hernández
Batting: SHB Ricardo Pérez 0-0: Foul Ball, location: 2F
0-1: Ball
1-1: Ball
2-1: Reached on error, E5 (Groundball, 56)
Batting: RHB António López 0-0: Ball
1-0: Foul Ball, location: 2F
1-1: Fly out, F9 (Flyball, 9LM)
Batting: RHB Phil Dougherty 0-0: Ball
1-0: Grounds into double play, 1-4-3 (Groundball, 15S)
Bottom of the 3rd over - 0 runs, 0 hits, 1 error, 0 left on base; Port Royal 0 - Houston 3
TOP OF THE 4TH
Port Royal Disaster batting - Pitching for Houston BC : LHP Roosevelt Tuttle
Batting: LHB Ricky Payton 0-0: Called Strike
0-1: Swinging Strike
0-2: Ball
1-2: Fly out, F5 (Line Drive, 56)
Batting: RHB Javier Martínez 0-0: Called Strike
0-1: Foul Ball, location: 2F
0-2: Foul Ball, location: 2F
0-2: Foul Ball, location: 2F
0-2: Ball
1-2: Ball
2-2: Ball
3-2: Foul Ball, location: 2F
3-2: Ground out 5-3 (Groundball, 56)
Batting: RHB Brandon Cooper 0-0: Ball
1-0: Ball
2-0: Ball
3-0: Called Strike
3-1: Foul Ball, location: 2F
3-2: Base on Balls
Batting: LHB Sisto Pagnamenta 0-0: Ball
1-0: Ground out U3 (Groundball, 3)
Top of the 4th over - 0 runs, 0 hits, 0 errors, 1 left on base; Port Royal 0 - Houston 3
BOTTOM OF THE 4TH
Houston BC batting - Pitching for Port Royal Disaster : RHP Alfredo Hernández
Batting: LHB Dawit Lihalakha 0-0: Ball
1-0: Ball
2-0: Foul Ball, location: 2F
2-1: Called Strike
2-2: Foul Ball, location: 2F
2-2: SINGLE (Groundball, 34D)
Batting: LHB Lee Hart 0-0: Ball
1-0: Ball
2-0: Foul Ball, location: 2F
2-1: 2-RUN HOME RUN (Flyball, 9D), Distance : 393 ft
Pitching: RHP Joe Griffin
Batting: RHB Dennis Morrow 0-0: Called Strike
0-1: Ground out U3 (Groundball, 3)
Batting: RHB George Zeek 0-0: Called Strike
0-1: Foul Ball, location: 2F
0-2: Ball
1-2: Ball
2-2: Ground out 6-3 (Groundball, 6)
Batting: RHB Habbo Allaart 0-0: Foul Ball, location: 2F
0-1: Foul Ball, location: 2F
0-2: Ball
1-2: Foul Ball, location: 2F
1-2: SINGLE (Flyball, 6D)
Batting: RHB Chris Harrell 0-0: Called Strike
0-1: Called Strike
0-2: Strikes out swinging
Bottom of the 4th over - 2 runs, 3 hits, 0 errors, 1 left on base; Port Royal 0 - Houston 5
TOP OF THE 5TH
Port Royal Disaster batting - Pitching for Houston BC : LHP Roosevelt Tuttle
Batting: RHB Winston Sparks 0-0: Ball
1-0: Ground out 6-3 (Groundball, 6)
Batting: RHB Nelson Abbey 0-0: Ball
1-0: Swinging Strike
1-1: Ground out 6-3 (Groundball, 6)
Batting: RHB Loren Stallings 0-0: Ball
1-0: DOUBLE (Line Drive, 9LM)
Batting: LHB António Quintero 0-0: Ball
1-0: Ball
2-0: Swinging Strike
2-1: Swinging Strike
2-2: Strikes out swinging
Top of the 5th over - 0 runs, 1 hit, 0 errors, 1 left on base; Port Royal 0 - Houston 5
BOTTOM OF THE 5TH
Houston BC batting - Pitching for Port Royal Disaster : RHP Joe Griffin
Batting: SHB Ricardo Pérez 0-0: Foul Ball, location: 2F
0-1: Foul Ball, location: 2F
0-2: Foul Ball, location: 2F
0-2: Foul Ball, location: 2F
0-2: Ball
1-2: Ball
2-2: Ball
3-2: SINGLE (Groundball, 34D)
Batting: RHB António López 0-0: Called Strike
0-1: Fly out, F7 (Flyball, 7LS)
Batting: RHB Phil Dougherty 0-0: Called Strike
0-1: Ball
1-1: Called Strike
1-2: Fly out, F2 (Popup, 23F)
Batting: LHB Dawit Lihalakha 0-0: Ball
1-0: Ball
2-0: Ball
3-0: Called Strike
3-1: Base on Balls
Ricardo Pérez to second
Batting: LHB Lee Hart 0-0: Ball
1-0: Called Strike
1-1: Foul Ball, location: 2F
1-2: Ball
2-2: Reached on error, E1 (Groundball, 15S)
Ricardo Pérez scores
Dawit Lihalakha to third
Batting: RHB Dennis Morrow 0-0: Ball
1-0: Ball
2-0: SINGLE (Groundball, 6MD)
Dawit Lihalakha scores
Lee Hart to third
Runner from 3rd tries for Home, SAFE, no throw
Batting: RHB George Zeek 0-0: Ball
1-0: Fielders Choice at 2nd, 5-4 (Groundball, 56)
Bottom of the 5th over - 3 runs, 2 hits, 1 error, 1 left on base; Port Royal 0 - Houston 8
TOP OF THE 6TH
Port Royal Disaster batting - Pitching for Houston BC : LHP Roosevelt Tuttle
Batting: RHB Sancho Tornero 0-0: Called Strike
0-1: Ball
1-1: Hit by Pitch
Batting: LHB Ricky Payton 0-0: Ball
1-0: Ball
2-0: Called Strike
2-1: Ground out 6-3 (Groundball, 6MS)
Sancho Tornero to second
Batting: RHB Javier Martínez 0-0: DOUBLE (Line Drive, 9LM)
Sancho Tornero scores
Batting: RHB Brandon Cooper 0-0: Foul Ball, location: 2F
0-1: Ball
1-1: Ball
2-1: Ball
3-1: Swinging Strike
3-2: Strikes out swinging
Batting: LHB Sisto Pagnamenta 0-0: Ball
1-0: Foul Ball, location: 2F
1-1: Ball
2-1: SINGLE (Flyball, 9S)
Javier Martínez to third
Runner from 3rd tries for Home, SAFE, throw made home
Batting: RHB Winston Sparks 0-0: Ball
1-0: Fly out, F8 (Flyball, 8RD)
Top of the 6th over - 2 runs, 2 hits, 0 errors, 1 left on base; Port Royal 2 - Houston 8
BOTTOM OF THE 6TH
Houston BC batting - Pitching for Port Royal Disaster : RHP Joe Griffin
Batting: RHB Habbo Allaart 0-0: Ball
1-0: Ground out 5-3 (Groundball, 56)
Batting: RHB Chris Harrell 0-0: Called Strike
0-1: Ball
1-1: Ball
2-1: Fly out, F7 (Line Drive, 78M)
Batting: SHB Ricardo Pérez 0-0: Ball
1-0: Called Strike
1-1: Ball
2-1: Swinging Strike
2-2: Foul Ball, location: 2F
2-2: Ball
3-2: Foul Ball, location: 2F
3-2: Ground out 5-3 (Groundball, 5)
Bottom of the 6th over - 0 runs, 0 hits, 0 errors, 0 left on base; Port Royal 2 - Houston 8
TOP OF THE 7TH
Port Royal Disaster batting - Pitching for Houston BC : LHP Roosevelt Tuttle
Batting: RHB Nelson Abbey 0-0: Foul Ball, location: 2F
0-1: Called Strike
0-2: Strikes out swinging, 2-3 out at first.
Batting: RHB Loren Stallings 0-0: Swinging Strike
0-1: Foul Ball, location: 2F
0-2: Ball
1-2: Strikes out swinging
Batting: LHB António Quintero 0-0: Called Strike
0-1: Ground out 4-3 (Groundball, 4)
Top of the 7th over - 0 runs, 0 hits, 0 errors, 0 left on base; Port Royal 2 - Houston 8
BOTTOM OF THE 7TH
Houston BC batting - Pitching for Port Royal Disaster : RHP Joe Griffin
Pitching: RHP Esteban García
Batting: RHB António López 0-0: Ground out 6-3 (Groundball, 6)
Batting: RHB Phil Dougherty 0-0: Called Strike
0-1: Called Strike
0-2: Foul Ball, location: 2F
0-2: Ball
1-2: Foul Ball, location: 2F
1-2: Reached on error, E6 (Groundball, 6)
Batting: LHB Dawit Lihalakha 0-0: Ball
1-0: Swinging Strike
1-1: Ball
2-1: Fly out, F8 (Flyball, 8RS)
Batting: LHB Lee Hart 0-0: Ball
1-0: Foul Ball, location: 2F
1-1: Ball
2-1: Fly out, F9 (Flyball, 9)
Bottom of the 7th over - 0 runs, 0 hits, 1 error, 1 left on base; Port Royal 2 - Houston 8
TOP OF THE 8TH
Port Royal Disaster batting - Pitching for Houston BC : LHP Roosevelt Tuttle
Batting: RHB Sancho Tornero 0-0: Foul Ball, location: 2F
0-1: Ball
1-1: Ball
2-1: Called Strike
2-2: Fly out, F7 (Line Drive, 7)
Batting: LHB Ricky Payton 0-0: Swinging Strike
0-1: Ball
1-1: Foul Ball, location: 2F
1-2: Foul Ball, location: 2F
1-2: Strikes out looking
Batting: RHB Javier Martínez 0-0: Ball
1-0: Swinging Strike
1-1: Called Strike
1-2: Fly out, F7 (Flyball, 7)
Top of the 8th over - 0 runs, 0 hits, 0 errors, 0 left on base; Port Royal 2 - Houston 8
BOTTOM OF THE 8TH
Houston BC batting - Pitching for Port Royal Disaster : RHP Esteban García
Batting: RHB Dennis Morrow 0-0: Ball
1-0: Foul Ball, location: 2F
1-1: Swinging Strike
1-2: Strikes out looking
Batting: RHB George Zeek 0-0: Called Strike
0-1: Foul Ball, location: 2F
0-2: Ball
1-2: Ball
2-2: Ball
3-2: Base on Balls
Batting: RHB Habbo Allaart 0-0: Called Strike
0-1: Fly out, F5 (Line Drive, 5)
Batting: RHB Chris Harrell 0-0: Called Strike
0-1: Foul Ball, location: 2F
0-2: Ball
1-2: Foul Ball, location: 2F
1-2: Strikes out swinging
Bottom of the 8th over - 0 runs, 0 hits, 0 errors, 1 left on base; Port Royal 2 - Houston 8
TOP OF THE 9TH
Port Royal Disaster batting - Pitching for Houston BC : LHP Roosevelt Tuttle
Pitching: LHP Cal Haber
Batting: RHB Brandon Cooper 0-0: Foul Ball, location: 2F
0-1: Swinging Strike
0-2: Strikes out swinging, 2-3 out at first.
Batting: LHB Sisto Pagnamenta 0-0: Ball
1-0: Ball
2-0: Foul Ball, location: 2F
2-1: Ball
3-1: Base on Balls
Batting: RHB Winston Sparks 0-0: Called Strike
0-1: Foul Ball, location: 2F
0-2: Ball
1-2: Grounds into double play, 1-6-3 (Groundball, 13S)
Top of the 9th over - 0 runs, 0 hits, 0 errors, 0 left on base; Port Royal 2 - Houston 8
Sunday, March 18th, 2018 - OOTP Baseball 18.8 Build 76